AoeStats
← Pfost3n

Black Forest

505926096Analyzed
2v2 RM · 20d ago on Sep 11, 2026· 61m 55s· 4 players
Game mode
Random Map
Map size
Medium (4 player)
Population
200
Speed
Normal
Resources
Standard
Victory
Conquest
Starting age
Dark Age
Ending age
Imperial Age
RankedLock teamsTeams togetherTeam positionsShared explorationLock speedFull tech treeHidden civsTurbo modeCheats
Victory
Defeat
🇪🇸 Khmer · Spain
811
+27
🇦🇹 Franks · Austria
803
+16
🇩🇪 Chinese · Germany
798
-16
🇩🇪 Bohemians · Germany
792
-15
Korni
0:53 Loom
14:32 Feudal Age
14:58 Double-Bit Axe
17:52 Horse Collar
21:22 Castle Age
22:22 Bow Saw
28:53 Heavy Plow
30:14 Stone Mining
31:47 Wheelbarrow
31:38 Padded Archer Armor
31:28 Pikeman
32:09 Squires
34:17 Leather Archer Armor
33:52 Fletching
33:56 Gold Mining
37:23 Imperial Age
36:09 Ballistics
35:51 Scale Mail Armor
36:01 Forging
35:47 Bodkin Arrow
36:10 Hand Cart
35:42 Town Watch
36:18 Fortified Wall
36:51 Chain Mail Armor
37:09 Arson
38:24 Iron Casting
39:10 Two-Man Saw
38:53 Ring Archer Armor
38:24 Bracer
38:26 Elite Skirmisher
40:07 Town Patrol
41:24 Plate Mail Armor
41:55 Blast Furnace
40:53 Halberdier
44:10 Blast Furnace
43:46 Scale Barding Armor
43:51 Cavalier
44:31 Husbandry
44:43 Bloodlines
44:50 Bloodlines
44:23 Heavy Rocket Cart
45:35 Caravan
46:24 Chain Barding Armor
48:08 Plate Barding Armor
50:27 Chemistry
51:58 Elite Chu Ko Nu
54:18 Elite Chu Ko Nu
Pfost3n
13:48 Feudal Age
14:18 Double-Bit Axe
20:34 Castle Age
18:41 Fishing Lines
23:57 Bow Saw
25:14 Wheelbarrow
25:24 Horse Collar
26:38 Scale Mail Armor
27:09 Heavy Plow
28:00 Hand Cart
30:01 Pikeman
35:16 Imperial Age
36:32 Chemistry
36:07 Fortified Wall
38:18 Conscription
39:32 Two-Man Saw
38:57 Ballistics
38:32 Halberdier
39:31 Houfnice
40:35 Chain Mail Armor
40:31 Forging
39:52 Man-at-Arms
40:42 Caravan
41:05 Elite Hussite Wagon
42:29 Halberdier
44:13 Man-at-Arms
46:55 Squires
47:29 Plate Mail Armor
47:35 Iron Casting
58:21 Blast Furnace
Magno
1:08 Loom
10:17 Feudal Age
13:11 Double-Bit Axe
15:18 Horse Collar
19:30 Castle Age
18:40 Wheelbarrow
18:01 Gold Mining
18:03 Stone Mining
20:48 Bow Saw
21:37 Scale Barding Armor
23:11 Gold Shaft Mining
23:15 Chain Barding Armor
24:14 Heavy Plow
25:01 Pikeman
25:53 Scale Mail Armor
26:04 Forging
26:49 Town Watch
27:19 Hand Cart
30:44 Imperial Age
28:34 Hand Cart
29:58 Fishing Lines
31:30 Chain Mail Armor
31:49 Ballistics
32:34 Stone Shaft Mining
33:02 Gillnets
34:48 Elite Ballista Elephant
35:29 Double Crossbow
36:38 Crop Rotation
37:02 Plate Barding Armor
37:48 Chemistry
39:12 Caravan
39:45 Coinage
40:45 Husbandry
40:57 Bloodlines
40:10 Cavalier
41:38 Tusk Swords
41:58 Fletching
43:02 Town Patrol
52:48 Iron Casting
52:50 Halberdier
ma1r1
0:51 Loom
14:35 Feudal Age
15:07 Double-Bit Axe
22:32 Castle Age
21:37 Gold Mining
23:27 Bow Saw
24:06 Caravan
24:26 Stone Mining
25:55 Wheelbarrow
30:17 Hand Cart
35:50 Imperial Age
33:53 Forging
34:31 #83
33:48 Pikeman
35:19 Husbandry
36:09 Squires
36:23 Masonry
36:21 Scale Barding Armor
36:52 Iron Casting
36:08 Fletching
36:19 Scale Mail Armor
36:58 Conscription
37:58 Chemistry
37:02 Cavalier
39:30 Coinage
39:25 Chain Barding Armor
40:06 Blast Furnace
39:07 Padded Archer Armor
40:18 Chain Mail Armor
39:59 Bodkin Arrow
40:43 Elite Throwing Axeman
42:27 Hoardings
42:40 Plate Barding Armor
43:46 Gold Shaft Mining
43:30 Leather Archer Armor
42:48 Paladin
44:02 Chivalry
44:36 Plate Mail Armor
Connection lost

Rejoining the realm…

Still unreachable

The connection could not be restored.

Session expired

The server has moved on; the page needs a fresh start.